 Dungeon Crawl Stone Soup version 0.24.0-28-g17ded55e90 (webtiles) character file.

Game seed: 14967802559378126695, levelgen mode: deterministic

116 Curus the Poker (level 4, -1/39 HPs)
             Began as a Minotaur Monk on Nov 12, 2019.
             Was a Believer of Okawaru.
             Slain by an ogre
             ... wielding a +0 giant spiked club
              (24 damage)
             ... on level 2 of the Dungeon.
             The game lasted 00:04:42 (1313 turns).

Curus the Poker (Minotaur Monk)                     Turns: 1313, Time: 00:04:43

Health: -1/39      AC:  3    Str: 15      XL:     4   Next: 70%
Magic:  3/3        EV: 12    Int:  5 (7)  God:    Okawaru [**....]
Gold:   51         SH:  0    Dex: 12 (14) Spells: 3/3 levels left

rFire    . . .     SeeInvis .   a - +1 spear
rCold    . . .     Gourm    .   (no shield)
rNeg     . . .     Faith    .   d - +0 leather armour
rPois    .         Spirit   .   (helmet restricted)
rElec    .         Reflect  .   (no cloak)
rCorr    .         Harm     .   (no gloves)
MR       .....                  (no boots)
Stlth    +.........             (no amulet)
HPRegen  0.13/turn              (no ring)
MPRegen  0.08/turn              (no ring)

@: lethally poisoned (-1 -> -3)
A: retaliatory headbutt, horns 2
a: Heroism, Renounce Religion


You were on level 2 of the Dungeon.
You worshipped Okawaru.
Okawaru was pleased with you.
You were not hungry.

You visited 1 branch of the dungeon, and saw 2 of its levels.

You collected 51 gold pieces.

Inventory:

Hand Weapons
 a - a +1 spear (weapon)
Armour
 b - a +0 robe
 d - a +0 leather armour (worn)
Potions
 e - a potion of curing
Comestibles
 c - 2 rations


   Skills:
 - Level 3.6 Fighting
 + Level 6.6 Polearms
 - Level 3.2 Dodging
 - Level 1.5 Stealth


You had 3 spell levels left.
You didn't know any spells.
Your spell library was empty.

Dungeon Overview and Level Annotations

Branches:
Dungeon (2/15)

Altars:
Okawaru
Xom


Innate Abilities, Weirdness & Mutations

You reflexively headbutt those who attack you in melee.
You have a pair of horns on your head.


Message History

You hit the adder.
You kill the adder!
Okawaru accepts your kill.
You feel your strength returning.
Attack whom?
Press: ? - help, Dir - move target cursor, f - ogre
Aim: an ogre, wielding a +0 giant spiked club You reach to attack!
You hit the ogre.
The ogre is lightly wounded.
You feel sick.
You hit the rat.
You kill the rat!
Okawaru accepts your kill.
You hit the ogre.
The ogre is moderately wounded.
You hit the ogre.
The ogre is moderately wounded.
The ogre hits you with a +0 giant spiked club!!
Ouch! That really hurt!
You die...

## ##.. ...#
#..# #..# # #
#..##.##.#
#@.......
#O###.###
#.g...# ##g..##
##.....##
#.......#
#.......# .
#(......# .##
......g......##
..#


You could see an ogre, a gnoll and a goblin.

Vanquished Creatures
  Jessica (D:2)
  3 gnolls (D:2)
  An adder (D:2)
  An ooze (D:1)
  A worm (D:2)
  2 dart slugs (D:1)
  A leopard gecko (D:1)
  A giant cockroach (D:1)
  7 goblins
  3 hobgoblins
  4 jackals (D:1)
  2 bats (D:2)
  4 frilled lizards
  4 kobolds
  9 rats
44 creatures vanquished.

Notes
Turn   | Place    | Note
-------+----------+-------------------------------------------
     0 | D:1      | Curus the Minotaur Monk began the quest for the Orb.
     0 | D:1      | Reached XP level 1. HP: 19/19 MP: 0/0
    92 | D:1      | Reached skill level 4 in Polearms
   111 | D:1      | Reached XP level 2. HP: 26/26 MP: 1/1
   375 | D:1      | Reached skill level 5 in Polearms
   382 | D:1      | Reached XP level 3. HP: 25/31 MP: 2/2
   657 | D:2      | Noticed Jessica
   661 | D:2      | Killed Jessica
   664 | D:2      | Found a shimmering altar of Xom.
   698 | D:2      | Reached skill level 6 in Polearms
   698 | D:2      | Reached XP level 4. HP: 30/39 MP: 3/3
   954 | D:2      | Found an iron altar of Okawaru.
  1248 | D:2      | Became a worshipper of Warmaster Okawaru
  1248 | D:2      | Reached * piety under Okawaru
  1248 | D:2      | Reached ** piety under Okawaru
  1298 | D:2      | Noticed an ogre
  1313 | D:2      | Slain by an ogre

Levels and vault maps discovered:
D:1:      mrwooster_arrival_arrow, layout_basic, minmay_misc_feat_enclosed
D:2:      layout_loops_cross, okawaru_altar_gauntlet_db,
          overflow_temple_1_default, serial_rivers,
          chequers_serial_rivers_marsh, chequers_serial_rivers_micro_c,
          chequers_serial_rivers_micro_a, chequers_serial_rivers_micro_a,
          first_ration, uniq_jessica

Skill      XL: |  1  2  3 |
---------------+----------+-----
Polearms       | 4 5 6 |  6.6
Fighting       | |  3.6
Dodging        | |  3.2
Stealth        | |  1.5

Action                   |  1- 3 |  4- 6 || total
-------------------------+-------+-------++-------
Melee: Spear             |    74 |    44 ||   118
       Headbutt          |    13 |     3 ||    16
  Use: Scroll            |     3 |     2 ||     5
       Potion            |     2 |       ||     2
 Stab: Sleeping          |     3 |     1 ||     4
  Eat: Chunk             |       |     1 ||     1
Armor: Robe              |     5 |       ||     5
       Leather armour    |       |    10 ||    10
Dodge: Dodged            |    28 |    27 ||    55
